 Dungeon Crawl Stone Soup version 0.21-a0-498-g1b60429 (webtiles) character file.

44 Laiders the Slasher (level 3, 0/29 HPs)
             Began as a Human Fighter on Nov 24, 2017.
             Succumbed to an orc's poison
             ... on level 3 of the Dungeon.
             The game lasted 00:01:10 (403 turns).

Laiders the Slasher (Human Fighter)                  Turns: 403, Time: 00:01:10

Health: 0/29       AC:  9    Str: 17    XL:     3   Next: 85%
Magic:  3/3        EV:  4    Int:  8    God:
Gold:   22         SH:  9    Dex: 12    Spells: 2/2 levels left

rFire    + . .     SeeInvis .   a - +0 long sword
rCold    + . .     Gourm    .   c - +0 shield
rNeg     . . .     Faith    .   e - +0 chain mail (curse)
rPois    +         Spirit   .   (no helmet)
rElec    +         Reflect  .   (no cloak)
rCorr    +         Harm     .   (no gloves)
MR       .....                  (no boots)
Stlth    ..........             (no amulet)
HPRegen  0.09/turn              (no ring)
MPRegen  0.08/turn              (no ring)

@: lethally poisoned (0 -> -10), resistant
A: no striking features
a: no special abilities


You were on level 3 of the Dungeon.
You were not hungry.

You visited 1 branch of the dungeon, and saw 3 of its levels.

You collected 22 gold pieces.

Inventory:

Hand Weapons
 a - a +0 long sword (weapon)
Armour
 c - a +0 shield (worn)
 e - a cursed +0 chain mail (worn)
Potions
 d - a potion of might
Comestibles
 b - 2 chunks of flesh
 f - a bread ration
 i - a meat ration


   Skills:
 - Level 3.0 Fighting
 + Level 3.9 Long Blades
 - Level 3.0 Armour
 - Level 3.0 Shields


You had 2 spell levels left.
You didn't know any spells.

Dungeon Overview and Level Annotations

Branches:
Dungeon (3/15)

Altars:
Cheibriados
Elyvilon
Hepliaklqana
Nemelex Xobeh


Message History

* * * LOW HITPOINT WARNING * * *
You feel sick.
It was a potion of magic.
Magic courses through your body.
* * * LOW HITPOINT WARNING * * *
You feel sick.
The leopard gecko bites you but does no damage.
You hit the leopard gecko.
You kill the leopard gecko!
* * * LOW HITPOINT WARNING * * *
You feel sick.
* * * LOW HITPOINT WARNING * * *
You feel sick.
Found 9 gold pieces.
Things that are here:
a trident of venom; an orc corpse
* * * LOW HITPOINT WARNING * * *
You feel sick.
* * * LOW HITPOINT WARNING * * *
You feel sick.
You die...

######### #.......#
#....$..# #.......#
###.......# .
..........# ##.
###.......###########...
.......@..)...).........
#######..######.......##
##.######.....### ...
...#.....# ##
###.###.#....###..
........)..###....
###..##.####_.....
##.##....#....#.
#....#..#...


There were no monsters in sight!

Vanquished Creatures
  An orc wizard (D:3)
  A worm (D:3)
  A dart slug (D:1)
  A leopard gecko (D:3)
  An orc (D:3)
  A bat (D:3)
  A giant cockroach (D:1)
  A goblin (D:3)
  3 hobgoblins
  A rat (D:1)
12 creatures vanquished.

Notes
Turn   | Place    | Note
-------+----------+-------------------------------------------
     0 | D:1      | Laiders the Human Fighter began the quest for the Orb.
     0 | D:1      | Reached XP level 1. HP: 18/18 MP: 1/1
   227 | D:1      | Reached XP level 2. HP: 21/24 MP: 2/2
   339 | D:3      | Found a white marble altar of Elyvilon.
   339 | D:3      | Found a sparkling altar of Nemelex Xobeh.
   339 | D:3      | Found a hazy altar of Hepliaklqana.
   339 | D:3      | Found a snail-covered altar of Cheibriados.
   360 | D:3      | Reached XP level 3. HP: 27/29 MP: 3/3
   402 | D:3      | HP: 1/29 [poisoned by an orc]
   403 | D:3      | Succumbed to an orc's poison

Vault maps used:
D:1:      elethiomel_arrival_infinity_welcomes_careful_drivers, serial_forest,
          infiniplex_forest_clump_large, infiniplex_forest_clump_double,
          infiniplex_forest_straight_1, infiniplex_forest_end_double,
          infiniplex_forest_lined_1, infiniplex_forest_lined_room_2
D:2:      nicolae_overflow_crystal_walls
D:3:      minmay_overflow_temple_hex

Skill      XL: |  1  2 |
---------------+-------+-----
Long Blades    | 3 |  3.9
Fighting       | |  3.0
Armour         | |  3.0
Shields        | |  3.0

Action                   || total
-------------------------++-------
Melee: Long sword        ||    42
  Use: Potion            ||     2
Armor: Chain mail        ||    18
Dodge: Dodged            ||    11
Block: Shield            ||    19
       Rpst.: Long sword ||     6

Table legend:
 A = Spawn XP
 B = Non-spawn XP
 C = Spawn XP percentage of total XP
 D = Spawn monster count
 E = Non-spawn monster count
 F = Spawn count percentage of total count
 G = Total turns spent on level
                    A         B        C        D         E        F      G
               +---------+---------+-------+---------+---------+-------+---------
         Total |       0 |      63 |   0.0 |       0 |      12 |   0.0 |   403
               +---------+---------+-------+---------+---------+-------+---------
           D:1 |       0 |       9 |   0.0 |       0 |       4 |   0.0 |   314
           D:2 |       0 |       2 |   0.0 |       0 |       1 |   0.0 |    25
           D:3 |       0 |      52 |   0.0 |       0 |       7 |   0.0 |    64
               +---------+---------+-------+---------+---------+-------+---------
